 Dungeon Crawl Stone Soup version 0.17-a0-288-gaf424a4 (webtiles) character file.

86 xeno23 the Digger (level 4, -2/24 HPs)
             Began as a Gargoyle Earth Elementalist on Mar 30, 2015.
             Slain by a killer bee (5 damage)
             ... on level 3 of the Dungeon.
             The game lasted 00:09:15 (1448 turns).

xeno23 the Digger (Gargoyle Earth Elementalist)     Turns: 1448, Time: 00:09:16

Health: -2/24      AC:  5    Str: 12    XL:     4   Next: 49%
Magic:  1/5        EV: 12    Int: 16    God:
Gold:   113        SH:  0    Dex: 10    Spells: 1 memorised, 6 levels left

rFire  . . .     SeeInvis .     b - 36 stones
rCold  . . .     Clarity  .     c - +0 robe
rNeg   + . .     SustAb   .     (no shield)
rPois  ∞         Gourm    .     (no helmet)
rElec  +         Spirit   .     (no cloak)
rCorr  .         Warding  .     (no gloves)
rMut   .         Stasis   .     (no boots)
MR     .....                    (no amulet)
Stlth  ++........               (no ring)
                                (no ring)

@: not resistant to hostile enchantments, unstealthy
A: negative energy resistance 1, electricity resistance, unbreathing,
petrification resistance, rot immunity, AC +3
a: no special abilities


You were on level 3 of the Dungeon.
You were very hungry.

You visited 1 branch of the dungeon, and saw 3 of its levels.

You collected 113 gold pieces.

Inventory:

Hand weapons
 e - a +0 mace
Missiles
 b - 36 stones (in hand)
Armour
 c - a +0 robe (worn)
Scrolls
 f - 8 scrolls of identify {unknown}
 l - a scroll of teleportation {unknown}
 n - a scroll of blinking {unknown}
 o - a scroll of remove curse {unknown}
 u - a scroll of fear {unknown}
Potions
 g - a potion of flight {unknown}
 i - a potion of curing {unknown}
 m - a potion of agility {unknown}
 p - a potion of heal wounds {unknown}
 r - a potion of might {unknown}
 s - a potion of cure mutation {unknown}
 t - a potion of brilliance {unknown}
Books
 d - a book of Geomancy

   Spells                             Type                      Level
   a - Sandblast                      Earth                        1
   b - Stoneskin                      Transmutation/Earth          2
   c - Passwall                       Transmutation/Earth          3
   d - Stone Arrow                    Conjuration/Earth            3
   e - Petrify                        Transmutation/Earth          4
   f - Lee's Rapid Deconstruction     Earth                        5
Comestibles
 a - 3 bread rations
 j - 2 slices of pizza
 k - 2 meat rations
 q - a royal jelly


   Skills:
 - Level 1.5 Dodging
 - Level 2.1 Stealth
 - Level 2.0 Spellcasting
   Level 0.7 Transmutations
 + Level 6.2 Earth Magic


You had 6 spell levels left.
You knew the following spells:

 Your Spells              Type           Power        Failure   Level  Hunger
a - Sandblast             Erth           ###...       1%          1    #......


Dungeon Overview and Level Annotations

Branches:
Dungeon (3/15)

Altars:
Nemelex Xobeh
Ru


Innate Abilities, Weirdness & Mutations

You are resistant to torment.
You are immune to poison.
Your stone body is very resilient (AC +3).
You resist negative energy.
You are resistant to electric shocks.
You can survive without breathing.
You are immune to petrification.
You are immune to rotting.


Message History

The killer bee stings you.
You take 2 damage.
The killer bee stings you.
You take 5 damage.
You open the door.
The killer bee stings you but does no damage.
The killer bee barely misses you. The killer bee closely misses you.
There is an open door here.
The killer bee stings you but does no damage.
Found a stone staircase leading down.
The killer bee completely misses you.
A quokka comes into view.
The killer bee stings you.
* * * LOW HITPOINT WARNING * * *
You take 4 damage.
The killer bee stings you.
* * * LOW HITPOINT WARNING * * *
The killer bee stings you.
You die...

... ....... .. ..r.....
... #........
....##.........
................
#..........>....#
...................
###.......y@........
.........yy.......<.
...........y.........
##.....y.............
......#'##.............
#### #.##......!......
#.##.............
#y##o...........#
#o.......<#


You could see 5 killer bees, an orc and a quokka.

Vanquished Creatures
  An orc wizard (D:2)
  2 adders (D:2)
  A worm (D:2)
  An ooze (D:3)
  An orc (D:3)
  3 giant cockroaches
  2 goblins (D:2)
  7 hobgoblins
  6 bats
  A giant gecko (D:1)
  A giant newt (D:1)
  4 kobolds
  3 rats
33 creatures vanquished.

Notes
Turn   | Place    | Note
--------------------------------------------------------------
     0 | D:1      | xeno23, the Gargoyle Earth Elementalist, began the quest for the Orb.
     0 | D:1      | Reached XP level 1. HP: 10/10 MP: 2/2
   145 | D:1      | You fall through a shaft!
   164 | D:2      | Reached skill level 4 in Earth Magic
   174 | D:2      | Reached XP level 2. HP: 7/15 MP: 1/3
   512 | D:1      | You fall through a shaft!
   516 | D:2      | Reached skill level 5 in Earth Magic
   516 | D:2      | Reached XP level 3. HP: 19/19 MP: 1/4
   635 | D:2      | Found a sacrificial altar of Ru.
   637 | D:2      | Noticed an orc wizard
   656 | D:2      | Killed an orc wizard
   656 | D:2      | Reached XP level 4. HP: 17/24 MP: 0/5
   853 | D:2      | Reached skill level 6 in Earth Magic
  1139 | D:1      | Found a sparkling altar of Nemelex Xobeh.
  1448 | D:3      | Slain by a killer bee

Action                   |  1- 3 |  4- 6 || total
-------------------------+-------+-------++-------
Melee: Mace              |    68 |    29 ||    97
       Unarmed           |     1 |       ||     1
 Cast: Sandblast         |    16 |     6 ||    22
 Stab: Sleeping          |     1 |       ||     1
       Paralysed         |       |     1 ||     1
  Eat: Chunk             |       |     1 ||     1
